 Dungeon Crawl Stone Soup version 0.25.1-2-g60ff931df9 (webtiles) character file.

Game seed: 252790828394323538

2265 raphaelitos the Shield-Bearer (level 9, -6/71 HPs)
             Began as a Formicid Fighter on Oct 5, 2020.
             Was a Believer of Trog.
             Killed by divine providence
             ... invoked by an orc priest
              (15 damage)
             ... on level 8 of the Dungeon.
             The game lasted 00:16:42 (9001 turns).

raphaelitos the Shield-Bearer (Formicid Fighter)    Turns: 9001, Time: 00:16:44

Health: -6/71      AC: 15    Str: 25    XL:     9   Next: 65%
Magic:  9/9        EV:  8    Int:  7    God:    Trog [**....]
Gold:   404        SH: 11    Dex: 13    Spells: 8/8 levels left

rFire    + . .     SeeInvis +   A - +0 halberd
rCold    . . .     Gourm    .   c - +0 kite shield
rNeg     . . .     Faith    +   a - +0 plate armour
rPois    .         Spirit   .   (helmet unavailable)
rElec    .         Reflect  .   (no cloak)
rCorr    .         Harm     .   x - +1 pair of gloves of the Quahog {Dex+3}
MR       .....                  (no boots)
Stlth    ..........             m - amulet of faith
HPRegen  0.21/turn              z - ring of protection from fire
MPRegen  0.11/turn              (no ring)

@: lightly drained
A: permanent stasis, dig shafts and tunnels, four strong arms, antennae 3
a: Dig, Shaft Self, Trog's Hand, Renounce Religion


You were on level 8 of the Dungeon.
You worshipped Trog.
Trog was pleased with you.
You were not hungry.

You visited 2 branches of the dungeon, and saw 9 of its levels.
You also visited: Sewer.

You collected 404 gold pieces.

Inventory:

Hand Weapons
 y - a +0 shortbow
 A - a +0 halberd (weapon)
Missiles
 n - 25 poisoned darts (quivered)
 r - 14 sling bullets
 u - 28 arrows
Armour
 a - a +0 plate armour (worn)
 b - a +1 scale mail
 c - a +0 kite shield (worn)
 x - the +1 pair of gloves of the Quahog (worn) {Dex+3}
   (You found it on level 5 of the Dungeon)

   It affects your dexterity (+3).
Jewellery
 m - an amulet of faith (around neck)
 z - a ring of protection from fire (left hand)
Wands
 B - a wand of iceblast (10)
 C - a wand of digging (7)
 D - a wand of acid (5)
 F - a wand of paralysis (8)
Scrolls
 h - a scroll of noise
 i - 9 scrolls of remove curse
 l - a scroll of amnesia
 s - 3 scrolls of identify
 w - a scroll of immolation {unknown}
 E - a scroll of fog {unknown}
Potions
 d - a potion of might
 e - 2 potions of berserk rage {unknown}
 g - 3 potions of flight
 j - 3 potions of heal wounds
 k - a potion of stabbing {unknown}
 o - a potion of lignification {unknown}
 p - a potion of brilliance {unknown}
 q - 3 potions of mutation {unknown}
 t - a potion of invisibility {unknown}
 v - a potion of haste {unknown}
 G - a potion of resistance {unknown}
Comestibles
 f - 13 rations


   Skills:
 + Level 6.4(6.3) Fighting
 + Level 4.1(5.4) Polearms
   Level 5.7(6.2) Staves
 + Level 6.6(6.4) Armour
 + Level 2.7(2.5) Dodging
 + Level 1.1(0.9) Stealth
 + Level 7.9(7.7) Shields


You had 8 spell levels left.
You didn't know any spells.
Your spell library was empty.

Dungeon Overview and Level Annotations

Branches:
Dungeon (8/15)             Temple (1/1) D:7           Sewer (visited)
   Lair: D:8-11

Altars:
Ashenzari
Cheibriados
Dithmenos
Elyvilon
Fedhas
Gozag
Hepliaklqana
Kikubaaqudgha
Makhleb
Nemelex Xobeh
Okawaru
Qazlal
Sif Muna
Trog
Uskayaw
Vehumet
Wu Jian
Zin
The Shining One


Innate Abilities, Weirdness & Mutations

You cannot be hasted, slowed, berserked, paralysed or teleported.
You can dig through walls and to a lower floor.
Your four strong arms can wield two-handed weapons with a shield.
You have a pair of large antennae on your head. (SInv)


Message History

The wight is almost destroyed.
The orc barely misses you. The wight hits you but does no damage.
The orc wizard barely misses you. You block the orc's attack.
The wight closely misses you.
You barely miss the wight.
The wight is almost destroyed.
The orc hits you but does no damage.
The orc wizard hits you but does no damage.
You block the wight's attack.
The orc wizard gestures wildly while chanting.
The orc wizard blinks!
The orc hits you but does no damage. You block the wight's attack.
The orc barely misses you.
You puncture the wight!
You destroy the wight!
Trog accepts your kill.
The orc wizard points at you and mumbles some strange words.
You block the puff of flame.
The orc priest calls down the wrath of Beogh upon you.
Beogh smites you!
You die...

..8.....
......
#.....
#?....
#...ยง#
#.zzz#
#.ozo#
#.o)@#
#..oo#
######


You could see 4 wights, an orc priest, an orc wizard (invisible) and 3 orcs.

Vanquished Creatures
  A hippogriff (D:6)
  An ice beast (D:8)
  3 phantoms
  2 ogres
  A centaur (D:5)
  A wolf (D:8)
  A big kobold (Sewer)
  A gnoll sergeant (D:5)
  A scorpion (D:4)
  A wight (D:8)
  3 howler monkeys
  3 crimson imps
  3 hounds
  2 bullfrog skeletons
  3 orc priests
  2 iguanas
  8 orc wizards
  A worker ant (D:2)
  A hound zombie (D:5)
  2 worker ant zombies
  14 adders
  6 gnolls
  5 river rats
  2 oozes
  2 adder skeletons
  2 worms (D:3)
  2 dart slugs
  4 leopard geckos
  33 orcs
  4 giant cockroaches
  5 goblins
  3 hobgoblins
  9 jackals
  3 quokkas
  2 ball pythons
  7 bats
  4 frilled lizards
  11 kobolds
  A quokka zombie (D:5)
  10 rats
170 creatures vanquished.

Notes
Turn   | Place    | Note
-------+----------+-------------------------------------------
     0 | D:1      | raphaelitos the Formicid Fighter began the quest for the
                  | Orb.
     0 | D:1      | Reached XP level 1. HP: 18/18 MP: 1/1
   124 | D:1      | Reached XP level 2. HP: 11/24 MP: 2/2
   134 | D:1      | Reached XP level 3. HP: 3/29 MP: 3/3
   484 | D:1      | Reached skill level 4 in Shields
   747 | D:1      | You fall into a shaft and drop 1 floor!
   920 | D:2      | Reached XP level 4. HP: 34/36 MP: 4/4
  1675 | D:2      | Found a snail-covered altar of Cheibriados.
  1894 | D:2      | Found a burning altar of Makhleb.
  1894 | D:2      | Noticed an Executioner
  1897 | D:2      | Noticed a smoke demon
  1897 | D:2      | Noticed a smoke demon
  2000 | D:3      | Found an ornate altar of the Wu Jian Council.
  2030 | D:3      | Noticed a phantom
  2055 | D:3      | Killed a phantom
  2055 | D:3      | Reached XP level 5. HP: 36/42 MP: 5/5
  2140 | D:3      | Reached XP level 6. HP: 43/48 MP: 6/6
  2481 | D:3      | Reached skill level 1 in Dodging
  2934 | D:3      | Found a blossoming altar of Fedhas.
  2946 | D:3      | Reached skill level 5 in Shields
  3455 | D:4      | Found a glowing drain.
  3457 | D:4      | Reached XP level 7. HP: 50/54 MP: 7/7
  3465 | Sewer    | Entered a sewer
  3597 | Sewer    | Reached skill level 5 in Armour
  3802 | Sewer    | Found a white marble altar of Elyvilon.
  4790 | D:4      | Reached skill level 5 in Staves
  4790 | D:4      | Reached skill level 6 in Shields
  4790 | D:4      | Reached XP level 8. HP: 53/61 MP: 8/8
  4846 | D:5      | Entered Level 5 of the Dungeon
  4848 | D:5      | Found a bloodstained altar of Trog.
  4866 | D:5      | Became a worshipper of Trog the Wrathful
  5237 | D:5      | Got a pair of warped gloves
  5242 | D:5      | Identified the +1 pair of gloves of the Quahog {Dex+3} (You
                  | found it on level 5 of the Dungeon)
  5401 | D:5      | Found a hazy altar of Hepliaklqana.
  5518 | D:5      | Reached skill level 5 in Fighting
  5561 | D:5      | HP: 2/62 [gnoll/+0 halberd (3)]
  6090 | D:5      | Found a glowing silver altar of Zin.
  6238 | D:6      | Found a shadowy altar of Dithmenos.
  6318 | D:6      | Found a shadowy altar of Dithmenos.
  6334 | D:6      | Reached skill level 1 in Polearms
  6346 | D:6      | Reached * piety under Trog
  6645 | D:6      | Noticed a hippogriff
  6672 | D:6      | Killed a hippogriff
  6672 | D:6      | Reached skill level 7 in Shields
  6672 | D:6      | Reached XP level 9. HP: 15/69 MP: 9/9
  6676 | D:6      | Reached skill level 1 in Stealth
  7461 | D:7      | Found a staircase to the Ecumenical Temple.
  7482 | Temple   | Entered the Ecumenical Temple
  8336 | D:7      | Found a stormy altar of Qazlal.
  8973 | D:8      | Reached ** piety under Trog
  9001 | D:8      | Killed from afar by an orc priest

Illustrated notes

Levels and vault maps discovered:
D:1:      dpeg_arrival_simpleton_c, layout_loops_corners, minmay_small_reverse_x
D:2:      layout_basic, marbit_many_paths, makhleb_altar_promises_db,
          first_ration
D:3:      layout_basic, lemuel_crystal_altar, lemuel_doored_altar
D:4:      layout_gridville, gup_sewer_entry_bubbles, hangedman_decor_riveting,
          palyth_stone_intersect
D:5:      layout_basic, kennysheep_mini_moat, zin_scriptorium,
          lemuel_round_altar, grunt_ministairs_8, lightli_minifort
D:6:      layout_loops_ring, nicolae_overflow_crystal_walls, basic_altar
D:7:      wad_pebble_path, layout_layer_cave, general_overflow_altar,
          minmay_temple_entry_water_ring
D:8:      layout_basic, gammafunk_temple_overflow_wave, serial_ice,
          serial_ice_k, serial_ice_o, serial_ice_g, serial_ice_h, serial_ice_n,
          serial_ice_f, serial_ice_a
Temple:   dpeg_chambers_temple

Skill      XL: |  1  2  3  4  5  6  7  8  9 |
---------------+----------------------------+-----
Shields        | 4 5 6 7 |  7.9
Armour         | 4 5 6 |  6.6
Staves         | 3 4 5 |  5.7
Fighting       | 4 5 6 |  6.4
Dodging        | 1 2 |  2.7
Polearms       | 2 4 |  4.1
Stealth        | 1 |  1.1

Action                   |  1- 3 |  4- 6 |  7- 9 || total
-------------------------+-------+-------+-------++-------
Melee: Quarterstaff      |    76 |   218 |   206 ||   500
       Halberd           |       |       |   249 ||   249
 Abil: Dig               |       |       |     1 ||     1
  Use: Scroll            |       |     5 |     7 ||    12
       Potion            |       |       |     6 ||     6
  Eat: Chunk             |       |     5 |     9 ||    14
       Ration            |       |     1 |     3 ||     4
Armor: Scale mail        |    34 |    86 |   187 ||   307
       Plate armour      |       |       |    92 ||    92
Dodge: Dodged            |    43 |    83 |   269 ||   395
Block: Kite shield       |    41 |   167 |   366 ||   574
